 Dungeon Crawl Stone Soup version 0.31-a0-152-g6aa68a64a1 (webtiles) character file.

Game seed: 12844585498172572699

1028 qw the Skirmisher (level 8, 0/72 HPs)
             Began as a Naga Hunter on June 10, 2023.
             Killed from afar by Dowan (6 damage)
             ... with a puff of flame
             ... on level 4 of the Dungeon.
             The game lasted 00:01:22 (3170 turns).

qw the Skirmisher (Naga Hunter)                     Turns: 3170, Time: 00:01:23

Health: 0/72       AC: 10    Str: 13    XL:     8   Next: 23%
Magic:  8/8        EV:  8    Int: 10    God:
Gold:   30         SH:  0    Dex: 17    Spells: 7/7 levels left

rFire   . . .        Y - +2 shortbow (flame)
rCold   . . .        (shield currently unavailable)
rNeg    . . .        c - +0 leather armour
rPois   +            (no helmet)
rElec   .            a - +0 cloak
rCorr   .            h - +0 pair of gloves
SInv    +            e - +0 barding
Will    +....        (no amulet)
Stlth   ++           (no ring)
HPRegen 0.32/turn    (no ring)
MPRegen 0.11/turn

%: no passive effects
@: very slow
A: AC +2, large, see invisible, deformed body, poison resistance, slowness 2,
spit poison 1, naga tail 1
a: Spit Poison


You were on level 4 of the Dungeon.
You visited 1 branch of the dungeon, and saw 4 of its levels.
You also visited: Ossuary.

You collected 190 gold pieces.
You spent 160 gold pieces at shops.


Innate Abilities, Weirdness & Mutations

Your serpentine skin is tough. (AC +2)
You have supernaturally acute eyesight. (SInv)
Armour fits poorly on your strangely shaped body.
Your system is resistant to poisons. (rPois)
You cover ground very slowly.
You can spit poison.
You have a snake-like lower body.


   Skills:
 + Level 4.3 Fighting
 - Level 8.2 Ranged Weapons
 - Level 1.2 Armour
 - Level 2.3 Dodging
 - Level 1.5 Stealth


You had 7 spell levels left.
You didn't know any spells.
Your spell library was empty.

Inventory:

Hand Weapons
 Y - a +2 shortbow of flaming (weapon)
Armour
 a - a +0 cloak (worn)
 c - a +0 leather armour (worn)
 e - a +0 barding (worn)
 h - a +0 pair of gloves (worn)
Wands
 f - a wand of digging (4)
Scrolls
 d - 2 scrolls of identify
Potions
 b - a potion of lignification {unknown}
 g - 8 potions of curing

Dungeon Overview and Level Annotations

Branches:
Dungeon (4/15)            Ossuary (visited)
 Temple: D:4-7

Altars:

Shops:
D:4 *[:(

Annotations:
D:4 Dowan, Duvessa


Message History

Enter note:
Enter note:
Enter note:
Enter note:
Enter note:
Enter note:
Enter note: You shoot an arrow.
The arrow misses the phantom.
You have got your breath back.
Dowan looks more healthy.
Dowan gestures at you while chanting. The puff of flame hits you.
The phantom hits you but does no damage.
3166 ||| INVOKING Spit Poison.
Aiming: Spit Poison (1% risk of failure)
Press: ? - help, Shift-Dir - straight line, f - Duvessa, p - phantom The splash of poison hits Duvessa.
Duvessa is poisoned.
Duvessa is moderately wounded.
The phantom hits you.
You shoot an arrow. The arrow misses the phantom.
The phantom closely misses you.
Duvessa hits you with a +0 short sword of speed.
You shoot an arrow. The arrow hits the phantom.
The arrow burns the phantom.
The phantom is heavily damaged.
Duvessa hits you with a +0 short sword of speed.
Duvessa closely misses you.
Dowan throws and catches a handful of magical flame, then smirks.
The phantom hits you but does no damage.
You shoot an arrow. The arrow hits the phantom!
The arrow burns the phantom.
You destroy the phantom!
Duvessa hits you with a +0 short sword of speed. x2
The orc hits you but does no damage. Duvessa hits you but does no damage.
Your Ranged Weapons skill increases to level 8!
You shoot an arrow. The arrow hits Duvessa.
The arrow burns Duvessa.
Duvessa is heavily wounded.
You have got your breath back.
Duvessa hits you but does no damage. The orc misses you.
Dowan casts a spell at you. The puff of flame hits you.
You die...

.. ..#..##...##### #####.#
.....'............ .......
.... #....>....... ######
.....#..........## .#######
................'. ........
###..........### .#######
#..........'. ........
..........oe.#######..######
####...#..e@)......#.......#
#...#####..####.#.#####..
#..........# ... ###
#..........##'### #
#................ ##
..............## ......
########......# ###...
#......# #... #......# #...


You could see Duvessa (fast, poisoned), Dowan and an orc.

Vanquished Creatures
  A black bear (D:4)
  A phantom (D:4)
  6 elf zombies (Ossuary)
  A scorpion (D:4)
  2 centaur zombies (Ossuary)
  4 human zombies (Ossuary)
  A hound (D:4)
  Natasha (D:4)
  3 mummies (Ossuary)
  3 adders
  An ufetubus (D:4)
  A worm (D:2)
  9 orcs
  7 ball pythons
  8 bats
  8 endoplasms
  4 giant cockroaches
  6 goblins
  10 hobgoblins
  6 kobolds
  2 frilled lizards
  5 rats
90 creatures vanquished.

Notes
Turn   | Place    | Note
-------+----------+-------------------------------------------
     0 | D:1      | qw the Naga Hunter began the quest for the Orb.
     0 | D:1      | Reached XP level 1. HP: 19/19 MP: 1/1
     0 | D:1      | 0 ||| qw: Version: 0.2-a-123-gb51047a
     0 | D:1      | 0 ||| qw: Game counter: 3707
     0 | D:1      | 0 ||| qw: Always use a shield: true
     0 | D:1      | 0 ||| qw: God list: Okawaru
     0 | D:1      | 0 ||| qw: Allow faded altars: false
     0 | D:1      | 0 ||| qw: Do Orc after D:15 true
     0 | D:1      | 0 ||| qw: Do second Lair branch before Depths: true
     0 | D:1      | 0 ||| qw: Lair rune preference: random
     0 | D:1      | 0 ||| qw: Plans: Normal
     0 | D:1      | 0 ||| PLANNING D:1-11
    37 | D:1      | 37 ||| INVOKING Spit Poison.
    51 | D:1      | 51 ||| INVOKING Spit Poison.
    80 | D:1      | 80 ||| INVOKING Spit Poison.
    83 | D:1      | 83 ||| INVOKING Spit Poison.
   119 | D:1      | 119 ||| INVOKING Spit Poison.
   120 | D:1      | Reached skill level 4 in Ranged Weapons
   120 | D:1      | Reached XP level 2. HP: 26/26 MP: 2/2
   163 | D:1      | 163 ||| INVOKING Spit Poison.
   278 | D:1      | 278 ||| INVOKING Spit Poison.
   309 | D:1      | 309 ||| INVOKING Spit Poison.
   313 | D:1      | 313 ||| INVOKING Spit Poison.
   314 | D:1      | 314 ||| INVOKING Spit Poison.
   376 | D:1      | 376 ||| INVOKING Spit Poison.
   383 | D:1      | 383 ||| INVOKING Spit Poison.
   384 | D:1      | 384 ||| INVOKING Spit Poison.
   390 | D:1      | 390 ||| INVOKING Spit Poison.
   401 | D:1      | Reached XP level 3. HP: 32/32 MP: 3/3
   417 | D:1      | 417 ||| INVOKING Spit Poison.
   422 | D:1      | 422 ||| INVOKING Spit Poison.
   448 | D:1      | 448 ||| INVOKING Spit Poison.
   503 | D:1      | 503 ||| INVOKING Spit Poison.
   508 | D:1      | 508 ||| INVOKING Spit Poison.
   565 | D:1      | 565 ||| INVOKING Spit Poison.
   584 | D:1      | 584 ||| INVOKING Spit Poison.
   604 | D:1      | 604 ||| INVOKING Spit Poison.
   765 | D:1      | 765 ||| UPGRADING to +0 pair of gloves.
   770 | D:1      | 770 ||| DROPPING ring of magical power.
   771 | D:1      | 771 ||| READING 2 scrolls labelled KUGELOIBRI.
   772 | D:1      | 772 ||| READING scroll labelled FUAMEA XEVOEGH.
   773 | D:1      | 773 ||| READING scroll labelled XOYCHUINLU.
   774 | D:1      | 774 ||| READING scroll labelled TOSIQ IXUO.
   778 | D:1      | 778 ||| DRINKING 2 glowing orange potions.
   779 | D:1      | 779 ||| DROPPING scroll of immolation.
   780 | D:1      | 780 ||| DROPPING scroll of butterflies.
   792 | D:2      | 792 ||| INVOKING Spit Poison.
   863 | D:2      | 863 ||| INVOKING Spit Poison.
   866 | D:2      | 866 ||| INVOKING Spit Poison.
   902 | D:2      | 902 ||| INVOKING Spit Poison.
   959 | D:2      | 959 ||| INVOKING Spit Poison.
   988 | D:2      | 988 ||| INVOKING Spit Poison.
   992 | D:2      | 992 ||| INVOKING Spit Poison.
  1048 | D:2      | 1048 ||| INVOKING Spit Poison.
  1050 | D:2      | Reached skill level 5 in Ranged Weapons
  1050 | D:2      | Reached XP level 4. HP: 39/39 MP: 4/4
  1163 | D:2      | 1163 ||| INVOKING Spit Poison.
  1204 | D:2      | 1204 ||| INVOKING Spit Poison.
  1209 | D:2      | 1209 ||| READING scroll labelled LAARIE NIPLAFRO.
  1210 | D:2      | 1210 ||| READING scroll labelled UMEHICHA RUSERGH.
  1211 | D:2      | 1211 ||| READING 2 scrolls labelled JASYSE VYUWIKY.
  1212 | D:2      | 1212 ||| READING scroll labelled RAUKISKIROT.
  1285 | D:3      | 1285 ||| READING scroll of enchant weapon.
  1285 | D:3      | 1285 ||| ENCHANTING +1 shortbow of flaming.
  1393 | D:3      | 1393 ||| INVOKING Spit Poison.
  1569 | D:3      | 1569 ||| INVOKING Spit Poison.
  1572 | D:3      | 1572 ||| INVOKING Spit Poison.
  1575 | D:3      | 1575 ||| INVOKING Spit Poison.
  1580 | D:3      | 1580 ||| INVOKING Spit Poison.
  1669 | D:3      | 1669 ||| INVOKING Spit Poison.
  1683 | D:3      | 1683 ||| INVOKING Spit Poison.
  1774 | D:3      | 1774 ||| INVOKING Spit Poison.
  2242 | D:3      | 2242 ||| INVOKING Spit Poison.
  2367 | D:3      | 2367 ||| UPGRADING to +0 cloak.
  2372 | D:3      | 2372 ||| READING 2 scrolls of identify.
  2372 | D:3      | 2372 ||| IDENTIFYING pink potion
  2373 | D:3      | 2373 ||| DROPPING potion of degeneration.
  2403 | D:4      | Found Wuruc's Weapon Shop.
  2404 | D:4      | 2404 ||| PLANNING OSSUARY
  2421 | D:4      | 2421 ||| INVOKING Spit Poison.
  2445 | D:4      | Noticed a black bear
  2449 | D:4      | 2449 ||| INVOKING Spit Poison.
  2452 | D:4      | Killed a black bear
  2453 | D:4      | Reached XP level 5. HP: 50/50 MP: 5/5
  2480 | D:4      | 2480 ||| INVOKING Spit Poison.
  2497 | D:4      | 2497 ||| INVOKING Spit Poison.
  2500 | D:4      | Reached XP level 6. HP: 52/57 MP: 6/6
  2579 | D:4      | Found Howoef's Book Shop.
  2600 | D:4      | Found Jiocwifo's Antique Armour Shop.
  2608 | D:4      | 2608 ||| BUYING glowing leather armour (160 gold).
  2608 | D:4      | Bought a glowing leather armour for 160 gold pieces
  2608 | D:4      | 2608 ||| SHOPLISTING helmet (144 gold, have 2).
  2654 | D:4      | Found a sand-covered staircase.
  2656 | D:4      | 2656 ||| UPGRADING to +0 barding.
  2661 | D:4      | 2661 ||| INVOKING Spit Poison.
  2675 | D:4      | 2675 ||| DROPPING +0 leather armour of poison resistance.
  2676 | D:4      | 2676 ||| READING scroll labelled GESESCH KUOMIA.
  2677 | D:4      | 2677 ||| READING 3 scrolls of identify.
  2677 | D:4      | 2677 ||| IDENTIFYING murky cyan potion
  2678 | D:4      | 2678 ||| DROPPING potion of invisibility.
  2688 | Ossuary  | Entered an ossuary
  2714 | Ossuary  | Reached skill level 1 in Armour
  2734 | Ossuary  | Reached skill level 6 in Ranged Weapons
  2744 | Ossuary  | Reached XP level 7. HP: 57/64 MP: 7/7
  2914 | Ossuary  | Reached skill level 7 in Ranged Weapons
  2934 | Ossuary  | 2934 ||| FLEEEEING.
  2951 | Ossuary  | Reached XP level 8. HP: 57/72 MP: 8/8
  3000 | Ossuary  | 3000 ||| READING scroll labelled HIXTYC ULU.
  3001 | Ossuary  | 3001 ||| DRINKING 2 red potions.
  3002 | Ossuary  | 3002 ||| DRINKING 2 blue potions.
  3003 | Ossuary  | 3003 ||| DROPPING potion of brilliance.
  3004 | Ossuary  | 3004 ||| DROPPING potion of magic.
  3014 | D:4      | 3014 ||| PLANNING D:1-11
  3027 | D:4      | Found Zoonkimue's General Store.
  3035 | D:4      | 3035 ||| SHOPLISTING potion of cancellation (96 gold, have
                  | 12).
  3035 | D:4      | 3035 ||| SHOPLISTING potion of might (48 gold, have 12).
  3042 | D:4      | 3042 ||| INVOKING Spit Poison.
  3085 | D:4      | 3085 ||| INVOKING Spit Poison.
  3088 | D:4      | 3088 ||| INVOKING Spit Poison.
  3111 | D:4      | Noticed Natasha
  3113 | D:4      | 3113 ||| INVOKING Spit Poison.
  3113 | D:4      | Killed Natasha
  3142 | D:4      | 3142 ||| INVOKING Spit Poison.
  3143 | D:4      | Noticed Dowan
  3145 | D:4      | Noticed Duvessa
  3149 | D:4      | 3149 ||| INVOKING Spit Poison.
  3154 | D:4      | 3154 ||| INVOKING Spit Poison.
  3158 | D:4      | 3158 ||| INVOKING Spit Poison.
  3161 | D:4      | 3161 ||| INVOKING Spit Poison.
  3165 | D:4      | HP: 18/72 [Dowan/puff of flame (5)]
  3166 | D:4      | 3166 ||| INVOKING Spit Poison.
  3169 | D:4      | HP: 6/72 [Duvessa/+0 short sword of speed (3)]
  3170 | D:4      | Reached skill level 8 in Ranged Weapons
  3170 | D:4      | Killed from afar by Dowan

Levels and vault maps discovered:
D:1:      dpeg_arrival_morbid_curiosity, layout_basic, minmay_tetromino_t2
D:2:      layout_rooms
D:3:      layout_basic
D:4:      layout_basic, serial_shops, shop, shop, nicolae_shop_peninsula,
          kennysheep_mini, nicolae_shop_tiny_glass, enter_ossuary_1,
          uniq_duvessa, uniq_natasha, uniq_blork_the_orc

Skill      XL: |  1  2  3  4  5  6  7  8 |
---------------+-------------------------+-----
Ranged Weapons | 4 5 6 7 8 |  8.2
Fighting       | 4 |  4.3
Armour         | 1 |  1.2
Dodging        | 2 |  2.3
Stealth        | |  1.5

Action                     |  1- 3 |  4- 6 |  7- 9 || total
---------------------------+-------+-------+-------++-------
   Fire: Shortbow          |    58 |    90 |   117 ||   265
Ability: Spit Poison       |    28 |    16 |    10 ||    54
    Use: Scroll            |     4 |     8 |     1 ||    13
         Potion            |     1 |       |     2 ||     3
 Armour: Leather armour    |     4 |    29 |    55 ||    88
  Dodge: Dodged            |    13 |    25 |    45 ||    83

Table legend:
 A = Non-vault XP
 B = Vault XP
 C = Vault XP percentage of total XP
 D = Non-vault monster count
 E = Vault monster count
 F = Vault count percentage of total count
                 A         B        C        D         E       F
            +---------+---------+-------+---------+---------+-------
      Total |     531 |     938 |  63.9 |      68 |      22 |  24.4
            +---------+---------+-------+---------+---------+-------
        D:1 |      41 |      12 |  22.6 |      24 |       6 |  20.0
        D:2 |      35 |       0 |   0.0 |      13 |       0 |   0.0
        D:3 |      47 |       0 |   0.0 |      16 |       0 |   0.0
        D:4 |     408 |      35 |   7.9 |      15 |       1 |   6.2
    Ossuary |       0 |     891 | 100.0 |       0 |      15 | 100.0
            +---------+---------+-------+---------+---------+-------
